SL
AUSTIN RANGERS @ GRAFTON MIDDIES
09/04/2025
 
TOP OF THE 1ST
Austin Rangers batting - Pitching for Grafton Middies : RHP Orlando De Jesús
Pitching: RHP Orlando De Jesús
Batting: RHB José Muńóz 0-0: Called Strike
0-1: Ball
1-1: Ball
2-1: Ball
3-1: Fly out, F8 (Line Drive, 78M)
Batting: SHB Ricardo Pérez 0-0: Ground out U3 (Groundball, 34)
Batting: LHB Jesús Reyes 0-0: Called Strike
0-1: Ball
1-1: Ball
2-1: Ball
3-1: SINGLE (Groundball, 34D)
Batting: LHB Count Dante 0-0: Called Strike
0-1: Ball
1-1: Called Strike
1-2: Strikes out swinging
Top of the 1st over - 0 run(s), 1 hit(s), 0 error(s), 1 left on base; Austin 0 - Grafton 0
BOTTOM OF THE 1ST
Grafton Middies batting - Pitching for Austin Rangers : RHP Lester Sullivan
Pitching: RHP Lester Sullivan
Batting: RHB Wes Bradley 0-0: Ball
1-0: Foul Ball, location: 2F
1-1: Ball
2-1: Fly out, F2 (Popup, 3S)
Batting: RHB Carlos Maldonado 0-0: Foul Ball, location: 2F
0-1: Fly out, F5 (Line Drive, 56)
Batting: LHB Mario Ramos 0-0: Ball
1-0: SINGLE (Groundball, 4MD)
Batting: RHB Nathan Boswell 0-0: Ball
1-0: Ball
2-0: Called Strike
2-1: Ball
3-1: Ground out 5-3 (Groundball, 5S)
Bottom of the 1st over - 0 run(s), 1 hit(s), 0 error(s), 1 left on base; Austin 0 - Grafton 0
TOP OF THE 2ND
Austin Rangers batting - Pitching for Grafton Middies : RHP Orlando De Jesús
Batting: LHB Yun Yen 0-0: Ball
1-0: Ball
2-0: Called Strike
2-1: Ball
3-1: Fly out, F7 (Flyball, 7)
Batting: SHB Carlos Kramer 0-0: Ball
1-0: Ball
2-0: Foul Ball, location: 2F
2-1: Ball
3-1: Fly out, F7 (Flyball, 7LDF)
Batting: RHB Orlando Padilla 0-0: Called Strike
0-1: Fly out, F9 (Flyball, 89D)
Top of the 2nd over - 0 run(s), 0 hit(s), 0 error(s), 0 left on base; Austin 0 - Grafton 0
BOTTOM OF THE 2ND
Grafton Middies batting - Pitching for Austin Rangers : RHP Lester Sullivan
Batting: RHB Ramón Gómez 0-0: Ball
1-0: Called Strike
1-1: SINGLE (Flyball, 9LS)
Batting: LHB Ramón Rivera 0-0: Called Strike
0-1: Swinging Strike
0-2: Ball
1-2: Strikes out swinging
Batting: LHB Lawrence Washington 0-0: Ball
1-0: Foul Ball, location: 2F
1-1: Ball
2-1: Ball
3-1: Fielders Choice at 2nd, 5-4 (Groundball, 5D)
Batting: RHB Dave Ash 0-0: Ball
1-0: Swinging Strike
1-1: Foul Ball, location: 2F
1-2: Ball
2-2: Fly out, F3 (Popup, 3S)
Bottom of the 2nd over - 0 run(s), 1 hit(s), 0 error(s), 1 left on base; Austin 0 - Grafton 0
TOP OF THE 3RD
Austin Rangers batting - Pitching for Grafton Middies : RHP Orlando De Jesús
Batting: RHB Matt Sheppard 0-0: Swinging Strike
0-1: Foul Ball, location: 2F
0-2: Ball
1-2: Strikes out looking
Batting: SHB Xavier Vásquez 0-0: SOLO HOME RUN (Flyball, 9LD), Distance : 337 ft
Batting: RHB José Muńóz 0-0: Called Strike
0-1: Foul Ball, location: 2F
0-2: Ball
1-2: Ground out 6-3 (Groundball, 6)
Batting: SHB Ricardo Pérez 0-0: Fly out, F8 (Flyball, 8LD)
Top of the 3rd over - 1 run(s), 1 hit(s), 0 error(s), 0 left on base; Austin 1 - Grafton 0
BOTTOM OF THE 3RD
Grafton Middies batting - Pitching for Austin Rangers : RHP Lester Sullivan
Batting: RHB Dennis Clifton 0-0: Ball
1-0: Called Strike
1-1: Swinging Strike
1-2: Ground out 6-3 (Groundball, 6)
Batting: RHB Wes Bradley 0-0: Ball
1-0: Ground out 6-3 (Groundball, 6M)
Batting: RHB Carlos Maldonado 0-0: Ball
1-0: SINGLE (Line Drive, 6D)
Batting: LHB Mario Ramos 0-0: Ball
1-0: Called Strike
1-1: Ball
2-1: Called Strike
2-2: Ball
Carlos Maldonado is caught stealing 2nd base
Bottom of the 3rd over - 0 run(s), 1 hit(s), 0 error(s), 0 left on base; Austin 1 - Grafton 0
TOP OF THE 4TH
Austin Rangers batting - Pitching for Grafton Middies : RHP Orlando De Jesús
Batting: LHB Jesús Reyes 0-0: Ball
1-0: Ball
2-0: Called Strike
2-1: Ball
3-1: Fly out, F9 (Flyball, 9D)
Batting: LHB Count Dante 0-0: Ball
1-0: Ball
2-0: Ball
3-0: Base on Balls
Batting: LHB Yun Yen 0-0: Ball
1-0: Foul Ball, location: 2F
1-1: Ball
2-1: Foul Ball, location: 2F
2-2: Ball
3-2: Grounds into double play, 4-6-3 (Groundball, 4)
Top of the 4th over - 0 run(s), 0 hit(s), 0 error(s), 0 left on base; Austin 1 - Grafton 0
BOTTOM OF THE 4TH
Grafton Middies batting - Pitching for Austin Rangers : RHP Lester Sullivan
Batting: LHB Mario Ramos 0-0: Ball
1-0: Ball
2-0: Foul Ball, location: 2F
2-1: Ball
3-1: Called Strike
3-2: Ground out U3 (Groundball, 3)
Batting: RHB Nathan Boswell 0-0: Ball
1-0: Ball
2-0: Foul Ball, location: 2F
2-1: Ball
3-1: Base on Balls
Batting: RHB Ramón Gómez 0-0: Ball
1-0: Ball
2-0: Called Strike
2-1: Swinging Strike
2-2: Strikes out swinging
Throwing error on steal attempt, E2
Nathan Boswell to third
Batting: LHB Ramón Rivera 0-0: Ball
1-0: Ball
2-0: Ball
3-0: Called Strike
3-1: Base on Balls
Batting: LHB Lawrence Washington 0-0: Called Strike
0-1: Ball
1-1: Fielders Choice at 2nd, 4-6 (Groundball, 34)
Bottom of the 4th over - 0 run(s), 0 hit(s), 1 error(s), 1 left on base; Austin 1 - Grafton 0
TOP OF THE 5TH
Austin Rangers batting - Pitching for Grafton Middies : RHP Orlando De Jesús
Batting: SHB Carlos Kramer 0-0: SINGLE (Line Drive, 78S)
Batting: RHB Orlando Padilla 0-0: Called Strike
0-1: Bunted foul
0-2: Grounds into double play, 6-4-3 (Groundball, 6M)
Batting: RHB Matt Sheppard 0-0: Called Strike
0-1: Ball
1-1: Ball
2-1: Ground out 5-3 (Groundball, 56S)
Top of the 5th over - 0 run(s), 1 hit(s), 0 error(s), 0 left on base; Austin 1 - Grafton 0
BOTTOM OF THE 5TH
Grafton Middies batting - Pitching for Austin Rangers : RHP Lester Sullivan
Batting: RHB Dave Ash 0-0: Ground out 4-3 (Groundball, 4)
Batting: RHB Dennis Clifton 0-0: SINGLE (Groundball, 4MD)
Batting: RHB Wes Bradley 0-0: Ball
1-0: Fly out, F8 (Line Drive, 8LS)
Batting: RHB Carlos Maldonado 0-0: Ball
1-0: Called Strike
1-1: Called Strike
1-2: Fly out, F8 (Flyball, 8RM)
Bottom of the 5th over - 0 run(s), 1 hit(s), 0 error(s), 1 left on base; Austin 1 - Grafton 0
TOP OF THE 6TH
Austin Rangers batting - Pitching for Grafton Middies : RHP Orlando De Jesús
Batting: SHB Xavier Vásquez 0-0: Ball
1-0: Swinging Strike
1-1: Swinging Strike
1-2: Ball
2-2: Ball
3-2: DOUBLE (Flyball, 89M)
Batting: RHB José Muńóz 0-0: Fly out, F8 (Line Drive, 8LD)
Runner from 2nd tags up, SAFE at 3rd, no throw
Batting: SHB Ricardo Pérez 0-0: Swinging Strike
0-1: Ball
1-1: Foul Ball, location: 2F
1-2: Ball
2-2: Foul Ball, location: 2F
2-2: SINGLE (Line Drive, 7LS)
Xavier Vásquez scores
Batting: LHB Jesús Reyes 0-0: Called Strike
0-1: Ball
1-1: Foul Ball, location: 2F
1-2: SINGLE (Groundball, 56D)
Ricardo Pérez to second
Batting: LHB Count Dante 0-0: Called Strike
0-1: Ball
1-1: Fly out, F4 (Line Drive, 4)
Lined into DP, 4-3 (Line Drive, 4)
Top of the 6th over - 1 run(s), 3 hit(s), 0 error(s), 1 left on base; Austin 2 - Grafton 0
BOTTOM OF THE 6TH
Grafton Middies batting - Pitching for Austin Rangers : RHP Lester Sullivan
Batting: LHB Mario Ramos 0-0: Foul Ball, location: 2F
0-1: Ball
1-1: Called Strike
1-2: Ball
2-2: Foul Ball, location: 2F
2-2: Foul Ball, location: 2F
2-2: Foul Ball, location: 2F
2-2: Ball
3-2: SINGLE (Line Drive, 56)
Batting: RHB Nathan Boswell 0-0: Ball
1-0: Called Strike
1-1: Foul Ball, location: 2F
1-2: Ball
2-2: Foul Ball, location: 2F
2-2: Foul Ball, location: 2F
2-2: Fielders Choice at 2nd, 5-4 (Groundball, 56)
Batting: RHB Ramón Gómez 0-0: Called Strike
0-1: Ball
1-1: Called Strike
1-2: Strikes out swinging
Batting: LHB Ramón Rivera 0-0: Ball
1-0: SINGLE (Groundball, 4D)
Nathan Boswell to second
Runner from 2nd tries for 3rd, SAFE, no throw
Batting: LHB Lawrence Washington 0-0: Ball
1-0: Ball
2-0: Called Strike
2-1: Ball
3-1: Foul Ball, location: 2F
3-2: Foul Ball, location: 2F
3-2: Ground out 6-3 (Groundball, 6)
Bottom of the 6th over - 0 run(s), 2 hit(s), 0 error(s), 2 left on base; Austin 2 - Grafton 0
TOP OF THE 7TH
Austin Rangers batting - Pitching for Grafton Middies : RHP Orlando De Jesús
Batting: LHB Yun Yen 0-0: Called Strike
0-1: Foul Ball, location: 2F
0-2: Ball
1-2: DOUBLE (Flyball, 9LM)
Batting: SHB Carlos Kramer 0-0: Intentional Walk
Batting: RHB Orlando Padilla 0-0: Ball
1-0: Bunted foul
1-1: Sac Bunt - play at first, batter OUT! 5-4
Yun Yen to third
Carlos Kramer to second
Pinch Hitting: LHB Enrique Sánchez 0-0: Fly out, F6 (Line Drive, 6)
Batting: SHB Xavier Vásquez 0-0: SINGLE (Groundball, 34S) (infield hit)
Yun Yen scores
Carlos Kramer to third
Batting: RHB José Muńóz 0-0: Ball
1-0: Fly out, F7 (Flyball, 7)
Top of the 7th over - 1 run(s), 2 hit(s), 0 error(s), 2 left on base; Austin 3 - Grafton 0
BOTTOM OF THE 7TH
Grafton Middies batting - Pitching for Austin Rangers : RHP Lester Sullivan
Now in LF: Enrique Sánchez
Batting: RHB Dave Ash 0-0: Ball
1-0: Foul Ball, location: 2F
1-1: Ball
2-1: Foul Ball, location: 2F
2-2: Ground out 5-3 (Groundball, 56)
Batting: RHB Dennis Clifton 0-0: Ball
1-0: Fly out, F9 (Flyball, 89M)
Batting: RHB Wes Bradley 0-0: Ball
1-0: Ball
2-0: Called Strike
2-1: Foul Ball, location: 2F
2-2: Foul Ball, location: 2F
2-2: SINGLE (Groundball, 4MD)
Pitching: RHP Albert Emery
Batting: RHB Carlos Maldonado 0-0: Ball
Wes Bradley steals 2nd base
1-0: Ball
Wild Pitch!
Wes Bradley to third
2-0: Called Strike
2-1: Foul Ball, location: 2F
2-2: Ground out 6-3 (Groundball, 6)
Bottom of the 7th over - 0 run(s), 1 hit(s), 0 error(s), 1 left on base; Austin 3 - Grafton 0
TOP OF THE 8TH
Austin Rangers batting - Pitching for Grafton Middies : RHP Orlando De Jesús
Batting: SHB Ricardo Pérez 0-0: Called Strike
0-1: Ball
1-1: Ball
2-1: Fly out, F7 (Flyball, 7)
Batting: LHB Jesús Reyes 0-0: Ball
1-0: Ball
2-0: Fly out, F9 (Line Drive, 89D)
Batting: LHB Count Dante 0-0: Swinging Strike
0-1: Foul Ball, location: 2F
0-2: Ball
1-2: Strikes out swinging
Top of the 8th over - 0 run(s), 0 hit(s), 0 error(s), 0 left on base; Austin 3 - Grafton 0
BOTTOM OF THE 8TH
Grafton Middies batting - Pitching for Austin Rangers : RHP Albert Emery
Batting: LHB Mario Ramos 0-0: SINGLE (Line Drive, 89S)
Batting: RHB Nathan Boswell 0-0: Called Strike
0-1: Foul Ball, location: 2F
0-2: Ball
1-2: Strikes out looking
Batting: RHB Ramón Gómez 0-0: SINGLE (Line Drive, 4)
Mario Ramos to second
Pitching: LHP Josh Cox
Batting: LHB Ramón Rivera 0-0: Fly out, F9 (Flyball, 9S)
Batting: LHB Lawrence Washington 0-0: Foul Ball, location: 2F
0-1: Ball
1-1: Called Strike
1-2: Strikes out swinging
Bottom of the 8th over - 0 run(s), 2 hit(s), 0 error(s), 2 left on base; Austin 3 - Grafton 0
TOP OF THE 9TH
Austin Rangers batting - Pitching for Grafton Middies : RHP Orlando De Jesús
Batting: LHB Yun Yen 0-0: Ball
1-0: Swinging Strike
1-1: Ball
2-1: Called Strike
2-2: Foul Ball, location: 2F
2-2: Ball
3-2: Foul Ball, location: 2F
3-2: Base on Balls
Pitching: RHP Truman Valentine
Batting: SHB Carlos Kramer 0-0: Ball
1-0: Called Strike
1-1: Swinging Strike
1-2: Ball
2-2: Foul Ball, location: 2F
2-2: Strikes out looking
Batting: RHB Orlando Padilla 0-0: DOUBLE (Groundball, 5L)
Yun Yen to third
Batting: LHB Enrique Sánchez 0-0: Ball
1-0: Ball
2-0: Ground out 4-3 (Groundball, 4)
Batting: SHB Xavier Vásquez 0-0: Foul Ball, location: 2F
0-1: Ball
1-1: SINGLE (Line Drive, 3D)
Yun Yen scores
Orlando Padilla to third
Batting: RHB José Muńóz 0-0: Called Strike
0-1: Fielders Choice at 2nd, 6-4 (Groundball, 6)
Top of the 9th over - 1 run(s), 2 hit(s), 0 error(s), 1 left on base; Austin 4 - Grafton 0
BOTTOM OF THE 9TH
Grafton Middies batting - Pitching for Austin Rangers : LHP Josh Cox
Batting: RHB Dave Ash 0-0: Ball
1-0: Ground out 5-3 (Groundball, 5)
Batting: RHB Dennis Clifton 0-0: Called Strike
0-1: Ball
1-1: Foul Ball, location: 2F
1-2: Strikes out swinging
Batting: RHB Wes Bradley 0-0: Foul Ball, location: 2F
0-1: Ball
1-1: Ball
2-1: DOUBLE (Groundball, 5L)
Batting: RHB Carlos Maldonado 0-0: Ball
1-0: Fly out, F6 (Line Drive, 56)
Bottom of the 9th over - 0 run(s), 1 hit(s), 0 error(s), 1 left on base; Austin 4 - Grafton 0
Friday, December 30th, 2016 - OOTP Baseball 17.12 Build 75